 Dungeon Crawl Stone Soup version 0.22.1-1-ga44c0e56f4 (webtiles) character file.

753 Peloso the Slasher (level 7, -6/61 HPs)
             Began as a Minotaur Fighter on Oct 26, 2018.
             Was an Initiate of Okawaru.
             Mangled by a troll (10 damage)
             ... on level 5 of the Dungeon.
             The game lasted 00:07:39 (3635 turns).

Peloso the Slasher (Minotaur Fighter)               Turns: 3635, Time: 00:07:39

Health: -6/61      AC: 14    Str: 21    XL:     7   Next: 49%
Magic:  6/6        EV:  7    Int:  5    God:    Okawaru [......]
Gold:   275        SH: 11    Dex: 11    Spells: 6/6 levels left

rFire    + . .     SeeInvis .   a - +1 long sword
rCold    . . .     Gourm    .   c - +1 shield
rNeg     . . .     Faith    .   b - +0 chain mail
rPois    .         Spirit   .   (helmet restricted)
rElec    .         Reflect  .   r - +0 cloak
rCorr    .         Harm     .   (no gloves)
MR       .....                  (no boots)
Stlth    ..........             (no amulet)
HPRegen  0.20/turn              n - +3 ring of protection
MPRegen  0.10/turn              z - ring of protection from fire

@: no status effects
A: retaliatory headbutt, horns 2
a: Renounce Religion


You were on level 5 of the Dungeon.
You worshipped Okawaru.
Okawaru was noncommittal.
You were not hungry.

You visited 2 branches of the dungeon, and saw 7 of its levels.
You also visited: Sewer.

You collected 275 gold pieces.

Inventory:

Hand Weapons
 a - a +1 long sword (weapon)
Armour
 b - a +0 chain mail (worn)
 c - a +1 shield (worn)
 r - a +0 cloak (worn)
Jewellery
 e - a +1 ring of evasion
 n - a +3 ring of protection (left hand)
 y - an uncursed ring of see invisible
 z - a ring of protection from fire (right hand)
Wands
 k - a wand of disintegration (13)
 o - a wand of polymorph (20)
Scrolls
 i - 2 scrolls of enchant armour
 m - 2 scrolls of magic mapping
 p - 2 scrolls of blinking {unknown}
 q - 2 scrolls of random uselessness {unknown}
 t - 3 scrolls of identify
 u - 2 scrolls of remove curse
 C - a scroll of teleportation {unknown}
Potions
 d - a potion of might
 g - a potion of berserk rage
 h - 3 potions of mutation {unknown}
 j - 2 potions of ambrosia {unknown}
 l - 2 potions of degeneration {unknown}
 s - 2 potions of invisibility {unknown}
 v - a potion of heal wounds {unknown}
 w - a potion of brilliance {unknown}
 x - a potion of haste {unknown}
 A - 4 potions of agility {unknown}
 B - a potion of flight {unknown}
Comestibles
 f - 8 rations
 D - 3 chunks of flesh


   Skills:
 + Level 5.5 Fighting
 + Level 6.1 Long Blades
 + Level 5.5 Armour
 + Level 2.4 Dodging
 + Level 0.4 Stealth
 + Level 5.9 Shields


You had 6 spell levels left.
You didn't know any spells.
Your spell library contained the following spells:

 Spells                   Type           Power        Failure   Level  Hunger
 Flame Tongue             Conj/Fire      #....        100%        1    ##.....
 Throw Flame              Conj/Fire      #.....       100%        2    ###....
 Conjure Flame            Conj/Fire      #.......     100%        3    ####...
 Inner Flame              Hex/Fire       #.......     100%        3    ####...
 Sticky Flame             Conj/Fire      #.......     100%        4    #####..
 Fireball                 Conj/Fire      #.........   100%        5    ######.


Dungeon Overview and Level Annotations

Branches:
Dungeon (6/15)             Temple (1/1) D:4

Altars:
Ashenzari
Cheibriados
Dithmenos
Hepliaklqana
Okawaru
Qazlal
Ru
Sif Muna
Uskayaw
Wu Jian
Yredelemnul


Innate Abilities, Weirdness & Mutations

You reflexively headbutt those who attack you in melee.
You have a pair of horns on your head.


Message History

* * * LOW HITPOINT WARNING * * *
You hit the troll.
The troll is moderately wounded.
You block the crimson imp's attack. The troll closely misses you.
You furiously retaliate!
You headbutt the troll. The troll claws you.
* * * LOW HITPOINT WARNING * * *
The troll claws you but does no damage.
You hit the troll.
The troll is heavily wounded.
The crimson imp hits you but does no damage.
You block the troll's attack. The troll barely misses you.
The troll claws you but does no damage. You block the crimson imp's attack.
Unknown command.
Unknown command.
You hit the troll but do no damage.
The troll is moderately wounded.
The troll bites you!
* * * LOW HITPOINT WARNING * * *
You block the troll's attack. The troll claws you!
You die...

#.?....... #..[......
#...$..... #......... #########
#........^ ###>......#
#...)..... .....####.##
#.T5...... .....# #..#
#.@.......
.....#####.####......... ###
###..................... ...
#.######.#######.#.########.###
#.# ###..######.#.#...........
#.# #...........#.......)..###
#.# #...........#.###.#<......
#.# #...........#............#
#.# #####.#####...............


You could see a troll and a crimson imp.

Vanquished Creatures
  Menkaure (D:4)
  A phantom (D:6)
  A crocodile (Sewer)
  A centaur zombie (D:5)
  Crazy Yiuf (D:2)
  A hound (D:5)
  3 orc priests (D:4)
  2 orc wizards (D:6)
  3 worker ants
  7 adders
  2 oozes (D:1)
  3 worms
  3 dart slugs (D:1)
  A leopard gecko (D:6)
  6 orcs
  4 giant cockroaches
  2 goblins (D:2)
  6 hobgoblins
  13 jackals
  A quokka (D:5)
  4 ball pythons
  8 bats
  3 frilled lizards
  10 kobolds
  4 rats
91 creatures vanquished.

Notes
Turn   | Place    | Note
-------+----------+-------------------------------------------
     0 | D:1      | Peloso the Minotaur Fighter began the quest for the Orb.
     0 | D:1      | Reached XP level 1. HP: 19/19 MP: 0/0
    88 | D:1      | Reached XP level 2. HP: 27/27 MP: 1/1
   439 | D:1      | Reached XP level 3. HP: 29/33 MP: 2/2
   773 | D:2      | Reached skill level 3 in Long Blades
  1052 | D:2      | Reached XP level 4. HP: 40/40 MP: 3/3
  1136 | D:2      | Found a runed door.
  1294 | D:2      | Noticed Crazy Yiuf
  1302 | D:2      | Killed Crazy Yiuf
  1302 | D:2      | Reached skill level 1 in Dodging
  1410 | D:3      | Found a snail-covered altar of Cheibriados.
  1517 | D:3      | Found a hazy altar of Hepliaklqana.
  1809 | D:3      | Reached XP level 5. HP: 40/47 MP: 4/4
  1846 | D:3      | Reached skill level 4 in Long Blades
  2300 | D:4      | Reached skill level 5 in Shields
  2338 | D:4      | Reached skill level 5 in Armour
  2338 | D:4      | Reached XP level 6. HP: 28/53 MP: 5/5
  2590 | D:4      | Found a glowing drain.
  2607 | Sewer    | Entered a sewer
  2677 | Sewer    | Reached skill level 5 in Long Blades
  2925 | D:4      | Noticed Menkaure
  2930 | D:4      | Killed Menkaure
  2949 | D:4      | Reached skill level 5 in Fighting
  3037 | D:4      | Found a staircase to the Ecumenical Temple.
  3044 | Temple   | Entered the Ecumenical Temple
  3110 | Temple   | Became a worshipper of Warmaster Okawaru
  3336 | D:5      | Entered Level 5 of the Dungeon
  3341 | D:5      | Reached XP level 7. HP: 61/61 MP: 6/6
  3344 | D:5      | Found a basalt altar of Yredelemnul.
  3344 | D:5      | Found a deep blue altar of Sif Muna.
  3347 | D:5      | Found a sacrificial altar of Ru.
  3411 | D:6      | Found a shattered altar of Ashenzari.
  3558 | D:5      | Reached skill level 6 in Long Blades
  3617 | D:5      | Noticed a troll
  3635 | D:5      | Mangled by a troll

Skill      XL: |  1  2  3  4  5  6  7 |
---------------+----------------------+-----
Shields        | 4 5 |  5.9
Fighting       | 4 5 |  5.5
Armour         | 4 5 |  5.5
Long Blades    | 3 4 5 6 |  6.1
Dodging        | 1 2 |  2.4
Stealth        | |  0.4

Action                   |  1- 3 |  4- 6 |  7- 9 || total
-------------------------+-------+-------+-------++-------
Melee: Long sword        |    96 |   110 |    67 ||   273
       Headbutt          |    10 |    20 |    12 ||    42
  Use: Scroll            |       |     8 |       ||     8
  Eat: Chunk             |       |     8 |     1 ||     9
Armor: Scale mail        |    58 |    44 |       ||   102
       Chain mail        |       |     1 |    53 ||    54
Dodge: Dodged            |    37 |    45 |    24 ||   106
Block: Shield            |    63 |    48 |    42 ||   153
       Rpst.: Long sword |    10 |    17 |     3 ||    30
